[Event "*** Titled Tuesday Blitz"]
[Site "Chess.com"]
[Date "2020.05.26"]
[Round "8"]
[White "ZarinaShafigullina"]
[Black "Luibov_AN"]
[Result "1-0"]
[WhiteElo "2347"]
[BlackElo "2067"]
[TimeControl "180+1"]
[EndTime "11:40:12 PDT"]
[Termination "ZarinaShafigullina won by resignation"]

1. d4 g6 2. Nf3 Bg7 3. g3 c5 4.
c3 cxd4 5. cxd4 Nc6 6. Nc3 d6 7. Bg2 Nf6 8. O-O O-O 9. e4 Qa5 10. d5 Nb8 11. Bd2 Nbd7 12. a3 Qd8 13. b4 a6 14. Rc1 Nb6 15. Qb3 Bd7 16. Rfd1 Bg4 17. a4 Nbd7 18. h3 Bxf3 19. Bxf3 Ne5 20. Be2 Rc8 21. f4 Qb6+ 22. Kg2 Ned7 23. a5 Qa7 24. Be1 Rxc3 25. Qxc3 Nxe4 26. Qf3 f5 27. Rc7 Rd8 28. Bd3 Qd4 29. Bxe4 fxe4 30. Qe2 Qf6 31. Rxb7 e6 32. Qxe4 exd5 33. Qxd5+ Kh8 34. Rc7 Qb2+ 35. Qd2 Qb3 36. Qd3 Qb2+ 37. Rc2 Qf6 38. Bc3 1-0

[Event "*** Titled Tuesday Blitz"]
[Site "Chess.com"]
[Date "2020.05.26"]
[Round "8"]
[White "ChronicUnhappiness"]
[Black "SiddharthGMJagadeesh"]
[Result "0-1"]
[WhiteElo "2278"]
[BlackElo "2417"]
[TimeControl "180+1"]
[EndTime "11:40:13 PDT"]
[Termination "SiddharthGMJagadeesh won by resignation"]

1. c4 e6 2. Nf3 d5 3. e3 Nf6 4. Nc3 Be7 5. b3 O-O 6. Bb2 c5 7. cxd5 exd5 8. d4 Nc6 9. dxc5 Bxc5 10.
Be2 Re8 11. O-O a6 12. Rc1 Ba7 13. Na4 Bg4 14. Nc5 Bxc5 15. Rxc5 Ne4 16. Rxd5 Qe7 17.
h3 Be6 18. Rd3 Rad8 19. Nd4 Nb4 20. Ba3 Bc8 21. Qe1 Nxd3 22. Bxe7 Nxe1 23. Bxd8 Nxg2 24. Bb6 Bxh3 25. Kh2 Nxe3 26. fxe3 Bxf1 27. Bxf1 Nc3 28. Nf5 Re5 29. Bh3 Nxa2 30. Bd4 Rd5 31. Bg2 Rxf5 32. Bxb7 Rb5 33. Bxa6 Rxb3 34. Bc4 Ra3 35. Kg3 Nb4 36. Bc5 Rc3 37. Bxf7+ Kxf7 38. Bxb4 Rxe3+ 39. Kf4 Re6 0-1

[Event "*** Titled Tuesday Blitz"]
[Site "Chess.com"]
[Date "2020.05.26"]
[Round "8"]
[White "Makswolf200817"]
[Black "Efremov_Vlad"]
[Result "1-0"]
[WhiteElo "2382"]
[BlackElo "2157"]
[TimeControl "180+1"]
[EndTime "11:40:13 PDT"]
[Termination "Makswolf200817 won on time"]

1. Nf3 d5 2. e3 Nf6 3. c4 e6 4. Nc3 b6 5. cxd5 Nxd5 6. b3 Bb7 7. Bb2 c5 8. Qb1 Nxc3 9. Bxc3 f6 10. Bd3 f5 11.
Ne5 Be7 12. Bb5+ Kf8 13. Bc4 Bd5 14. Rg1 Bf6 15. g4 Bxc4 16. bxc4 Bxe5 17. Bxe5 Nc6 18. Bc3 Qg5 19. Qb2 Re8 20. O-O-O e5 21. gxf5 Qxf5 22. f4 Rg8 23. fxe5 Nxe5 24. Rdf1 Nd3+ 25. Kc2 Nb4+ 26. Kd1 1-0

[Event "*** Titled Tuesday Blitz"]
[Site "Chess.com"]
[Date "2020.05.26"]
[Round "8"]
[White "jd001"]
[Black "chenxiaoyuer"]
[Result "0-1"]
[WhiteElo "2164"]
[BlackElo "2301"]
[TimeControl "180+1"]
[EndTime "11:40:14 PDT"]
[Termination "chenxiaoyuer won by resignation"]

1. d4 Nf6 2. c4 g6 3. Nc3 Bg7 4. e4 d6 5. Nf3 O-O 6. Be2 e5 7. O-O Nc6 8. d5 Ne7 9. Ne1 Nd7 10. Nd3 f5 11. f3 f4 12. Bd2 g5 13. Rc1 Nf6 14.
c5 Ng6 15. cxd6 cxd6 16. Rc2 Rf7 17. Nf2 Bf8 18. Be1 Rg7 19. Qc1 Ne8 20. a4 h5 21. h3 Nh8 22. Nb5 a6 23. Na3 Nf7 24. a5 Nh6 25. Nc4 g4 26. Nb6 gxh3 27. Rxc8 Rxc8 28.
Qxc8 Qxc8 29. Nxc8 hxg2 30. Bb4 gxf1=Q+ 31. Kxf1 Rc7 32.
Nb6 Nf6 33. Nh3 Nf7 34. Bc3 Nd7 35. Nc4 Nc5 36. Kg2 Nb3 37. Nf2 Nd4 38. Bf1 Ng5 39.
Nd2 Nb5 40. Bb4 Rc2 41. Nd3 Nd4 42. Be2 Nxe2 0-1

[Event "*** Titled Tuesday Blitz"]
[Site "Chess.com"]
[Date "2020.05.26"]
[Round "8"]
[White "Keks2017"]
[Black "OK97"]
[Result "1/2-1/2"]
[WhiteElo "2555"]
[BlackElo "2768"]
[TimeControl "180+1"]
[EndTime "11:40:15 PDT"]
[Termination "Game drawn by repetition"]

1. g3 e5 2. Bg2 d5 3. d3 Nc6 4. Nf3 g6 5. O-O Bg7 6. e4 Nge7 7. c3 O-O 8. b4 a6 9. a3 h6 10. Qc2 Be6 11. Nbd2 Re8 12. Bb2 g5 13. Rfe1 Qd7 14.
exd5 Bxd5 15. c4 Bxf3 16. Nxf3 Ng6 17. b5 axb5 18. cxb5 Nd8 19. a4 c6 20. Qb3 Ne6 21. Rac1 cxb5 22. Qxb5 Qxb5 23. axb5 Rad8 24. Nxe5 Nxe5 25.
Bxe5 Bxe5 26. Rxe5 Nd4 27. Rxe8+ Rxe8 28. Kf1 b6 29.
Rc7 Nxb5 30. Rb7 Re6 31. Bd5 Rf6 32. Kg2 Nd4 33. Rd7 Nf5 34. Bc4 Kg7 35. Rb7 h5 36. h3 Kg6 37. Bd5 Kg7 38. Bc4 Kg6 39. Bd5 Kg7 40. Bc4 1/2-1/2

[Event "*** Titled Tuesday Blitz"]
[Site "Chess.com"]
[Date "2020.05.26"]
[Round "8"]
[White "kasparicy"]
[Black "realmadridtv"]
[Result "0-1"]
[WhiteElo "2300"]
[BlackElo "2448"]
[TimeControl "180+1"]
[EndTime "11:40:15 PDT"]
[Termination "realmadridtv won by resignation"]

1. e4 e5 2. Nf3 Nc6 3. Bc4 Bc5 4. O-O d6 5. c3 Bb6 6. d3 h6 7. Bb3 Qf6 8. Be3 Nge7 9. Nbd2 g5 10. d4 g4 11. dxe5 dxe5 12. Ne1 Bd7 13. Qe2 O-O-O 14. a4 h5 15. Bxb6 cxb6 16. a5 Nxa5 17. Bc2 h4 18. b4 Nac6 19. Nc4 Qh6 20. b5 Na5 21. Nxa5 bxa5 22.
Rxa5 g3 23. Rxa7 h3 24. Ra8+ Kc7 25. Qc4+ Kb6 26. fxg3 hxg2 27. Nxg2 Qxh2+ 28. Kf2 Rxa8 29. Rd1 Rh6 30. Rxd7 Rf6+ 31. Ke1 Ra1+ 32. Bd1 Qg1+ 33. Kd2 Qxd1+ 0-1

[Event "*** Titled Tuesday Blitz"]
[Site "Chess.com"]
[Date "2020.05.26"]
[Round "8"]
[White "aakankshachess"]
[Black "Konek-Gorbunok"]
[Result "1-0"]
[WhiteElo "2454"]
[BlackElo "2244"]
[TimeControl "180+1"]
[EndTime "11:40:17 PDT"]
[Termination "aakankshachess won on time"]

1. e4 c5 2. Nf3 a6 3. c4 d6 4.
Nc3 e5 5. d3 Nf6 6. a3 Be7 7.
b4 Nc6 8. Be3 cxb4 9. axb4 Nxb4 10. Qa4+ Nc6 11. Nd5 O-O 12. Nb6 Rb8 13. Be2 Nd7 14.
Nd5 b5 15. cxb5 axb5 16. Qc2 Bb7 17. O-O Nc5 18. d4 exd4 19. Nxd4 Nxd4 20. Bxd4 Ne6 21. Bb6 Qd7 22. Bxb5 Qxb5 23. Nxe7+ Kh8 24. Ba7 Rbe8 25. Nf5 Qe5 26. f3 d5 27. exd5 Qxd5 28. Rfd1 Qc6 29.
Qxc6 Bxc6 30. Nd6 Ra8 31. Bf2 Rxa1 32. Rxa1 Kg8 33. Rc1 Bd5 34. Rd1 Bc6 35. Nc4 Ba4 36.
Ra1 Bb5 37. Ne5 h6 38. g3 Rc8 39. Rb1 Ba6 40. Ng4 1-0

[Event "*** Titled Tuesday Blitz"]
[Site "Chess.com"]
[Date "2020.05.26"]
[Round "8"]
[White "TranJMinh"]
[Black "penguingm1"]
[Result "0-1"]
[WhiteElo "2790"]
[BlackElo "2884"]
[TimeControl "180+1"]
[EndTime "11:40:18 PDT"]
[Termination "penguingm1 won on time"]

1. d4 d5 2. c4 e6 3. Nc3 Be7 4. cxd5 exd5 5. Bf4 c6 6. e3 Bf5 7. Nge2 Nd7 8. Ng3 Bg6 9. Bd3 Bxd3 10. Qxd3 g5 11.
Be5 f6 12. Nh5 fxe5 13. Qf5 Bf6 14. e4 exd4 15. exd5 dxc3 16. O-O-O Nh6 17. Rhe1+ Kf7 18. Qe6+ Kg6 19. Qe4+ Kxh5 20. g4+ Nxg4 21. Rd3 Nxf2 0-1

[Event "*** Titled Tuesday Blitz"]
[Site "Chess.com"]
[Date "2020.05.26"]
[Round "8"]
[White "pastouche06"]
[Black "Saxar85"]
[Result "0-1"]
[WhiteElo "2486"]
[BlackElo "2707"]
[TimeControl "180+1"]
[EndTime "11:40:20 PDT"]
[Termination "Saxar85 won on time"]

1. d4 d6 2. e4 g6 3. c4 Bg7 4. Ne2 e5 5. Be3 Nc6 6. Qd2 f5 7. exf5 Bxf5 8. d5 Nce7 9. Nbc3 Nf6 10. Bh6 Bxh6 11. Qxh6 c6 12. dxc6 bxc6 13. Qg7 Rf8 14. Ng3 Ng4 15. Be2 Qd7 16. O-O O-O-O 17. Bxg4 Bxg4 18. f3 Be6 19. b3 Nf5 20. Qxd7+ Kxd7 21. Nge4 Kc7 22. Rad1 Ne3 23. Ng5 Bg8 24. Nce4 Nxf1 25. Kxf1 h6 26. Nh3 d5 27. cxd5 cxd5 28. Nc3 Kb7 29. Nf2 Rf6 0-1

[Event "*** Titled Tuesday Blitz"]
[Site "Chess.com"]
[Date "2020.05.26"]
[Round "8"]
[White "theblitzchamp"]
[Black "lelajavakhishvili"]
[Result "1-0"]
[WhiteElo "2691"]
[BlackElo "2509"]
[TimeControl "180+1"]
[EndTime "11:40:20 PDT"]
[Termination "theblitzchamp won by resignation"]

1. d4 Nf6 2. Bf4 d6 3. Nc3 g6 4. e4 c6 5. Nf3 Nbd7 6. Qd2 Qa5 7. O-O-O Bg7 8. Kb1 b5 9. e5 Nh5 10. Bh6 b4 11. Ne4 d5 12. Ng3 Nxg3 13. hxg3 Bxh6 14. Qxh6 Nb6 15. Qg7 Rf8 16. Rxh7 Bf5 17. Nh4 Bxc2+ 18. Kxc2 Qa4+ 19. Kd2 Qxa2 20. Bd3 Qxb2+ 21. Ke1 Qc3+ 22. Kf1 Qb3 23. Be2 O-O-O 24. e6 fxe6 25. Nxg6 Rfe8 26. Nxe7+ Rxe7 27. Qxe7 Rd7 28. Qxe6 a5 29. Qxc6+ 1-0

[Event "*** Titled Tuesday Blitz"]
[Site "Chess.com"]
[Date "2020.05.26"]
[Round "8"]
[White "SARGISMV"]
[Black "nitpicker"]
[Result "0-1"]
[WhiteElo "2418"]
[BlackElo "2306"]
[TimeControl "180+1"]
[EndTime "11:40:22 PDT"]
[Termination "nitpicker won by checkmate"]

1. Nf3 Nf6 2. c4 Nc6 3. Nc3 e5 4. d3 d5 5. cxd5 Nxd5 6. Bd2 Be7 7. g3 Nb6 8. Bg2 O-O 9. O-O f6 10.
Rc1 Be6 11. a3 Qd7 12. Re1 h6 13. b4 a6 14. Ne4 Nd4 15. Nxd4 exd4 16. Nc5 Bxc5 17.
Rxc5 c6 18. Qa1 Rfe8 19. a4 Rad8 20. a5 Na8 21. Bf4 g5 22. Bc1 Nc7 23. Bb2 Nb5 24. e3 Bh3 25. Bxh3 Qxh3 26. exd4 Rxe1+ 27. Qxe1 Qd7 28.
Qe4 Kg7 29. Kg2 Nxd4 30. Bxd4 Qxd4 31. Qe7+ Kg6 32. Qxb7 Qxd3 33. Qxc6 g4 34. h4 Rd7 35. Qe6 Qf3+ 36. Kf1 Rd1+ 37. Qe1 Qh1+ 38. Ke2 Qxe1# 0-1

[Event "*** Titled Tuesday Blitz"]
[Site "Chess.com"]
[Date "2020.05.26"]
[Round "8"]
[White "avantage_ru"]
[Black "stolencandy13"]
[Result "1-0"]
[WhiteElo "2726"]
[BlackElo "2576"]
[TimeControl "180+1"]
[EndTime "11:40:24 PDT"]
[Termination "avantage_ru won by resignation"]

1. b3 c6 2. Bb2 d5 3. g3 Nf6 4.
Bg2 e6 5. Nf3 Be7 6. O-O Nbd7 7.
d3 O-O 8. Nbd2 b5 9. e4 Bb7 10. Qe2 a6 11. Rfe1 dxe4 12. dxe4 c5 13. c4 b4 14. e5 Ng4 15. h3 Nh6 16. g4 Qc7 17. Ne4 Rfe8 18. Rad1 a5 19. Qe3 a4 20. Nf6+ gxf6 21. Qxh6 Bf8 22. Qe3 Bg7 23. Rxd7 Qxd7 24.
exf6 Bf8 25. Ne5 Qc7 26. Qg5+ Kh8 27. Qh5 Kg8 28. Bxb7 Qxb7 29. g5 Red8 30. Ng4 Ra7 31. bxa4 Rd2 32. Bc1 Rd4 33. Be3 Re4 34. Rd1 Kh8 35.
Rd8 Ra8 36. Rxa8 Qxa8 37. Qxf7 Qd8 38. Kg2 Rxc4 39. Qxe6 Rc2 40. Ne5 Qa8+ 41. Kg1 1-0

[Event "*** Titled Tuesday Blitz"]
[Site "Chess.com"]
[Date "2020.05.26"]
[Round "8"]
[White "Gyapiking"]
[Black "Cambek64"]
[Result "1-0"]
[WhiteElo "2531"]
[BlackElo "2300"]
[TimeControl "180+1"]
[EndTime "11:40:25 PDT"]
[Termination "Gyapiking won by resignation"]

1. d4 d6 2. e4 Nf6 3. Nc3 e5 4. dxe5 dxe5 5. Qxd8+ Kxd8 6. Bc4 Be6 7. Bxe6 fxe6 8. f3 Bd6 9. Be3 Ke7 10. Nh3 Nc6 11.
Nf2 a6 12. O-O-O Nd4 13. Nd3 c5 14. Rhe1 h6 15. Na4 Rac8 16. Nb6 Rc6 17. Nc4 Nd7 18. Nxd6 Rxd6 19. c3 Nc6 20. Nxc5 Rxd1+ 21. Rxd1 Nxc5 22. Bxc5+ Kf6 23. Rd7 b5 24. Rc7 Na5 25. b3 Rb8 26.
Be7+ Kg6 27. Bb4 Nb7 28. Rc6 a5 29. Bd6 Nxd6 30. Rxd6 Kf6 31. Ra6 a4 32. bxa4 bxa4 33. Rxa4 h5 34. Rb4 Ra8 35. Kb2 h4 36. c4 Kg5 37. c5 Kf4 38. c6 Rc8 39. Rc4 h3 40. gxh3 Kxf3 41. a4 Kg2 42. Rc3 Kxh2 43. c7 g5 44. a5 Kg2 45. a6 Kh2 46. a7 Kg2 47. Rb3 g4 48. hxg4 Rxc7 49. a8=Q Rc4 50. Qh8 Rxe4 51.
Qh3+ Kf2 52. Qf3+ 1-0

[Event "*** Titled Tuesday Blitz"]
[Site "Chess.com"]
[Date "2020.05.26"]
[Round "8"]
[White "ElliPaehtz"]
[Black "vidavi"]
[Result "1-0"]
[WhiteElo "2493"]
[BlackElo "2313"]
[TimeControl "180+1"]
[EndTime "11:40:26 PDT"]
[Termination "ElliPaehtz won by resignation"]

1. d4 Nf6 2. Nf3 c5 3. c3 d5 4. Bf4 Nc6 5. e3 e6 6. Nbd2 Be7 7. Ne5 O-O 8. Bd3 Nd7 9. Nxc6 bxc6 10. O-O cxd4 11.
exd4 a5 12. Qa4 Ba6 13. Bxa6 Rxa6 14. Rfe1 Qb6 15. Nb3 Qb5 16. Qxb5 cxb5 17. Nc1 Rc8 18. a3 Nb6 19. Nd3 Na4 20. g3 f6 21. Re2 Kf7 22. h4 Rac6 23. Kg2 Ra6 24. Rae1 Rac6 25. Bd2 g6 26.
Nf4 Nxb2 27. Nxe6 Nd3 28. Ng5+ Kf8 29. Nxh7+ Kg8 30. Rxe7 Nxe1+ 31. Bxe1 R8c7 32. Nxf6+ Kf8 33. Rxc7 Rxc7 34. Nxd5 Rd7 35. Ne3 Kg7 36. Kf3 b4 37.
cxb4 axb4 38. Bxb4 Kf7 39. Bc5 Rb7 40. a4 Rb1 41. a5 Ra1 42. Bb6 Ke6 43. Nc4 Kd5 44.
Ne5 Ra3+ 45. Kg2 g5 46. hxg5 Ke4 47. g6 1-0

[Event "*** Titled Tuesday Blitz"]
[Site "Chess.com"]
[Date "2020.05.26"]
[Round "8"]
[White "Mexpaisano"]
[Black "Gromes7"]
[Result "1-0"]
[WhiteElo "2188"]
[BlackElo "2008"]
[TimeControl "180+1"]
[EndTime "11:40:26 PDT"]
[Termination "Mexpaisano won on time"]

1. d4 Nf6 2. Nf3 e6 3. Bg5 c5 4. e3 Nc6 5. Nbd2 h6 6. Bh4 Be7 7. c3 O-O 8. Bd3 b6 9. Qe2 a6 10. Rd1 Bb7 11. O-O d5 12. e4 dxe4 13. Nxe4 Nxe4 14.
Qxe4 g6 15. dxc5 Na5 16. Bxe7 Qxe7 17. Qe3 bxc5 18. Qxh6 Bxf3 19. gxf3 Rab8 20. b3 c4 21. bxc4 Rb2 22. h4 Qf6 23. h5 Rxa2 24. hxg6 fxg6 25. Bxg6 Qg7 26. Qxg7+ Kxg7 27. Bb1 Rb2 28. Rd7+ Kf6 29.
Re1 Rg8+ 30. Kf1 Nb3 31. Red1 Nc5 32. R7d6 Ke5 33. Rc6 Nb3 34. Re1+ Kf6 35. Rcxe6+ 1-0

[Event "*** Titled Tuesday Blitz"]
[Site "Chess.com"]
[Date "2020.05.26"]
[Round "8"]
[White "Shubinkirill2003"]
[Black "12teen"]
[Result "1-0"]
[WhiteElo "2635"]
[BlackElo "2724"]
[TimeControl "180+1"]
[EndTime "11:40:28 PDT"]
[Termination "Shubinkirill2003 won by resignation"]

1. e4 b6 2. d4 Bb7 3. Nc3 e6 4. Nf3 Nf6 5. Bd3 d5 6. e5 Nfd7 7. O-O Be7 8. Ne2 c5 9. c3 Nc6 10. Ng3 h5 11. h3 g5 12. Be3 g4 13. hxg4 hxg4 14. Nh2 Qc7 15. Nxg4 O-O-O 16. a4 Rdg8 17. a5 Rh4 18. axb6 axb6 19. Be2 f5 20. exf6 Nxf6 21. Nxf6 Bxf6 22. dxc5 Rgh8 23. f4 bxc5 24. Ba6 d4 25.
cxd4 Nxd4 26. Qd3 Rg4 27. Bf2 Rxf4 28. Bxb7+ Qxb7 29. Rfc1 Nb3 30. Bxc5 Nxc5 31. Rxc5+ Kb8 32. Qd6+ 1-0

[Event "*** Titled Tuesday Blitz"]
[Site "Chess.com"]
[Date "2020.05.26"]
[Round "8"]
[White "swisspower96"]
[Black "zajka-molotok"]
[Result "1-0"]
[WhiteElo "2603"]
[BlackElo "2383"]
[TimeControl "180+1"]
[EndTime "11:40:28 PDT"]
[Termination "swisspower96 won on time"]

1. d4 e6 2. c4 f5 3. g3 Nf6 4.
Bg2 Be7 5. Nf3 d5 6. O-O Ne4 7. b3 Nc6 8. a4 Bf6 9. Bb2 h5 10. h4 g5 11. hxg5 Bxg5 12. Nxg5 Qxg5 13. cxd5 exd5 14.
Nc3 Be6 15. Qc1 Qxc1 16. Raxc1 O-O-O 17. Rfd1 h4 18. gxh4 Rxh4 19. f3 Nf6 20. Kf2 Rg8 21.
Rh1 Rxh1 22. Rxh1 Rg6 23. e3 Kd7 24. Ne2 Rg7 25. Nf4 Bf7 26. Rh6 Ne8 27. Bh3 Nd6 28.
Nd3 b6 29. Ba3 Be6 30. Nf4 Bf7 31. Bxd6 cxd6 32. Bxf5+ Kc7 33. Be6 Na5 34. b4 Nc6 35.
Nxd5+ Kb7 36. Bxf7 Rxf7 37. Rxd6 1-0

[Event "*** Titled Tuesday Blitz"]
[Site "Chess.com"]
[Date "2020.05.26"]
[Round "8"]
[White "Leonid_Starozhilov"]
[Black "WhiteCapital80"]
[Result "0-1"]
[WhiteElo "2637"]
[BlackElo "2424"]
[TimeControl "180+1"]
[EndTime "11:40:28 PDT"]
[Termination "WhiteCapital80 won on time"]

1. e4 e6 2. d4 d5 3. e5 c5 4. c3 Qb6 5. Nf3 Nc6 6. a3 Bd7 7. b4 cxd4 8. cxd4 Rc8 9. Bb2 Na5 10.
Nbd2 Nc4 11. Bxc4 dxc4 12. Rc1 c3 13. Rxc3 Rxc3 14. Bxc3 Qa6 15. d5 exd5 16. Nd4 Qxa3 17. e6 fxe6 18. Nb1 Qa2 19. O-O Nf6 20. Re1 Be7 21.
Nxe6 Bxe6 22. Rxe6 Kf7 23. Re1 Re8 24. Bxf6 Bxf6 25.
Rf1 d4 26. Nd2 d3 27. Nf3 Qe2 28. Qb3+ Kf8 29. h3 d2 30. Rd1 Rd8 31. b5 g6 32.
Qb4+ Kg7 33. Rxd2 Rxd2 34. Qxd2 Qxb5 0-1

[Event "*** Titled Tuesday Blitz"]
[Site "Chess.com"]
[Date "2020.05.26"]
[Round "8"]
[White "Mikasinski"]
[Black "IriBu"]
[Result "0-1"]
[WhiteElo "2390"]
[BlackElo "2545"]
[TimeControl "180+1"]
[EndTime "11:40:28 PDT"]
[Termination "IriBu won on time"]

1. e4 Nf6 2. e5 Nd5 3. c4 Nb6 4. d4 d6 5. exd6 cxd6 6. Nc3 g6 7. Be3 Bg7 8. Rc1 O-O 9. b3 Bf5 10. d5 e5 11. dxe6 Bxe6 12. Nf3 d5 13. cxd5 Nxd5 14. Nxd5 Bxd5 15. Be2 Qa5+ 16. Qd2 Qxd2+ 17. Bxd2 Re8 18. O-O Nc6 19. Rfe1 a5 20. Bb5 Bxf3 21. Rxe8+ Rxe8 22. gxf3 Rd8 23. Bg5 Rd5 24. Bxc6 Rxg5+ 25. Kf1 bxc6 26. Rxc6 h5 27. a4 Be5 28. Rc5 Bf4 29. Rc4 Bxh2 30. f4 Rf5 31. b4 axb4 32. Rxb4 Bxf4 33. a5 Rxa5 34. Rxf4 Kg7 35. Kg2 g5 36. Rb4 Kg6 0-1

[Event "*** Titled Tuesday Blitz"]
[Site "Chess.com"]
[Date "2020.05.26"]
[Round "8"]
[White "Matveev_Vladimir"]
[Black "mrkvoz"]
[Result "0-1"]
[WhiteElo "2566"]
[BlackElo "2824"]
[TimeControl "180+1"]
[EndTime "11:40:29 PDT"]
[Termination "mrkvoz won by resignation"]

1. d4 d6 2. c4 e5 3. Nc3 exd4 4. Qxd4 Nc6 5. Qd2 Nf6 6. e4 g6 7. b3 Bg7 8. Bb2 O-O 9. f3 a5 10. Nge2 Be6 11. Nf4 Nd7 12. Ncd5 Nce5 13. Be2 a4 14. O-O c6 15. Nxe6 fxe6 16. Nf4 Qf6 17. Nd3 a3 18. Bxe5 Nxe5 19. Nxe5 Qxe5 20. Rad1 Rad8 21. Kh1 Qc3 22. Qxc3 Bxc3 23. f4 e5 24. f5 Kg7 25. g4 gxf5 26.
exf5 d5 27. g5 e4 28. Bh5 d4 29. f6+ Kh8 30. Rf4 e3 31. Be2 d3 32. Rxd3 Rxd3 33.
Bxd3 Rd8 34. Be2 Rd2 35. f7 Bb4 36. Bh5 e2 37. Bxe2 Rxe2 38. f8=Q+ Bxf8 39. Rxf8+ Kg7 40. Rb8 Rxa2 41. Rxb7+ Kg6 42. h4 Rb2 43. Rb6 a2 44.
Rxc6+ Kh5 45. Rh6+ Kg4 46. Ra6 Rb1+ 47. Kg2 a1=Q 48. Rxa1 Rxa1 49. c5 Rb1 0-1

[Event "*** Titled Tuesday Blitz"]
[Site "Chess.com"]
[Date "2020.05.26"]
[Round "8"]
[White "GMJustin"]
[Black "luizwas"]
[Result "1-0"]
[WhiteElo "2315"]
[BlackElo "1855"]
[TimeControl "180+1"]
[EndTime "11:40:29 PDT"]
[Termination "GMJustin won by checkmate"]

1. e4 e6 2. d4 d5 3. Nd2 Nc6 4.
c3 e5 5. dxe5 Nxe5 6. Ngf3 Nxf3+ 7. Nxf3 dxe4 8. Qxd8+ Kxd8 9. Ng5 Be6 10. Nxe6+ fxe6 11. Bg5+ Be7 12. O-O-O+ Ke8 13. Bf4 c6 14. Bc4 Kf7 15. Rd7 Rd8 16. Rxb7 Nf6 17. Rxa7 Ra8 18. Rxa8 Rxa8 19. Rd1 Nd5 20. Be5 Bg5+ 21. Kc2 g6 22. g3 Be7 23. Re1 h5 24. Rxe4 Nb6 25. Rf4+ Ke8 26.
Bxe6 Na4 27. Bf7+ Kd7 28. Bxg6 Rb8 29. Rxa4 Bc5 30. Bxb8 h4 31. Rxh4 Bb6 32. Bf5+ Ke7 33. Be5 Bc5 34. Rh7+ Kf8 35. b4 Be7 36. Be6 c5 37.
Rh8# 1-0

[Event "*** Titled Tuesday Blitz"]
[Site "Chess.com"]
[Date "2020.05.26"]
[Round "8"]
[White "albano87"]
[Black "Carnivoras"]
[Result "1-0"]
[WhiteElo "2407"]
[BlackElo "2611"]
[TimeControl "180+1"]
[EndTime "11:40:31 PDT"]
[Termination "albano87 won by resignation"]

1. d4 d5 2. Nf3 Nf6 3. g3 Bf5 4. Bg2 e6 5. O-O h6 6. c4 c6 7.
Nc3 Nbd7 8. Qb3 Qb6 9. c5 Qxb3 10. axb3 a6 11. b4 Rc8 12. h3 Be7 13. g4 Bh7 14. Bf4 O-O 15. Rfd1 g5 16. Bg3 Ne4 17. Ne5 Nxe5 18.
Bxe5 f6 19. Bh2 f5 20. e3 Bf6 21. f3 Nxc3 22. bxc3 Bg6 23. Bd6 Rfe8 24. Kf2 Kg7 25. f4 h5 26. gxf5 Bxf5 27. fxg5 Bxg5 28. Bf3 Kh6 29. Ke2 h4 30. Rg1 Bxh3 31. Bg4 Bxg4+ 32.
Rxg4 Bf6 33. Rag1 Kh7 34. Be5 Rf8 35. Rf4 Rg8 36. Rxg8 Rxg8 37. Rxf6 Rg2+ 38. Kf3 Rc2 39. Rxe6 Rxc3 40. Re7+ 1-0

[Event "*** Titled Tuesday Blitz"]
[Site "Chess.com"]
[Date "2020.05.26"]
[Round "8"]
[White "ljuks68"]
[Black "Azoulas1"]
[Result "1-0"]
[WhiteElo "2342"]
[BlackElo "2001"]
[TimeControl "180+1"]
[EndTime "11:40:31 PDT"]
[Termination "ljuks68 won on time"]

1. e4 c5 2. Nf3 e6 3. d4 cxd4 4. Nxd4 Nf6 5. Nc3 d6 6. g4 h6 7. h4 Nc6 8. g5 hxg5 9. Bxg5 Be7 10. Qd2 Qb6 11. Nb3 a6 12. O-O-O Qc7 13. f4 b5 14. Bg2 Bb7 15. Nd4 Nxd4 16. Qxd4 Rc8 17. Rd2 Qc5 18. Rhd1 b4 19. Na4 Qc6 20. Nb6 e5 21. Qg1 Rc7 22. Bxf6 Bxf6 23. Nd5 exf4 24. Nxc7+ Qxc7 25. Rxd6 Be7 26. e5 Bxg2 27. Qxg2 Bxd6 28. exd6 Qd7 29. Qa8+ Qd8 30.
d7+ Ke7 31. Qe4+ Kf8 32. Qxf4 Rxh4 33. Qxh4 Qxh4 34. d8=Q+ Qxd8 35. Rxd8+ Ke7 36. Ra8 g5 37. Kd2 g4 38. Ke3 f5 39. Kf4 Kf6 40. Rxa6+ Kg7 41. Kxf5 g3 42. Rg6+ 1-0

[Event "*** Titled Tuesday Blitz"]
[Site "Chess.com"]
[Date "2020.05.26"]
[Round "8"]
[White "JiangoFett"]
[Black "mohssenbinaddi"]
[Result "1-0"]
[WhiteElo "2339"]
[BlackElo "2182"]
[TimeControl "180+1"]
[EndTime "11:40:32 PDT"]
[Termination "JiangoFett won by resignation"]

1. d4 c6 2. c4 d5 3. Nf3 Nf6 4.
Nc3 dxc4 5. a4 Bf5 6. Ne5 Qc7 7. Nxc4 Nbd7 8. g3 e5 9. dxe5 Nxe5 10. Bf4 Nfd7 11.
Bg2 g5 12. Ne3 gxf4 13. Nxf5 fxg3 14. hxg3 O-O-O 15. Qc2 Kb8 16. Rd1 Bb4 17. O-O h5 18. Qe4 a5 19. Na2 Nf6 20. Qh4 Rxd1 21. Rxd1 Nfg4 22.
Nxb4 axb4 23. Qg5 Qb6 24. Qf4 Ka8 25. Nd6 Rd8 26. Rd4 Ng6 27. Qd2 Qc7 28. Nb5 cxb5 29. Rxd8+ Ka7 30. Qd4+ Qb6 31. Ra8+ Kxa8 32. Qxb6 1-0

[Event "*** Titled Tuesday Blitz"]
[Site "Chess.com"]
[Date "2020.05.26"]
[Round "8"]
[White "BocharovD"]
[Black "Olkaa"]
[Result "1-0"]
[WhiteElo "2832"]
[BlackElo "2632"]
[TimeControl "180+1"]
[EndTime "11:40:36 PDT"]
[Termination "BocharovD won by resignation"]

1. c4 Nf6 2. g3 g6 3. Bg2 Bg7 4. Nc3 O-O 5. d4 d6 6. Nf3 Nbd7 7. O-O e5 8. e4 exd4 9. Nxd4 Re8 10. h3 Rb8 11. Re1 a6 12. b3 c5 13. Nc2 b5 14.
cxb5 axb5 15. Qxd6 Rb6 16. Qd1 b4 17. Na4 Rbe6 18.
Bb2 Qe7 19. f3 Nh5 20. Bxg7 Kxg7 21. g4 Nf4 22. Qd2 Qg5 23. Rad1 Ne5 24. Ne3 Nxh3+ 25. Kf1 Ba6+ 26. Re2 Nf4 27. Re1 Nxe2 28. Rxe2 Bxe2+ 29. Kxe2 Qf4 30. Nf5+ gxf5 31. Qxf4 fxe4 32. Nxc5 Ng6 33. Nxe6+ Rxe6 34. Qd2 exf3+ 35. Kxf3 1-0

[Event "*** Titled Tuesday Blitz"]
[Site "Chess.com"]
[Date "2020.05.26"]
[Round "8"]
[White "Omk124"]
[Black "MarcoRiehle"]
[Result "1/2-1/2"]
[WhiteElo "2438"]
[BlackElo "2635"]
[TimeControl "180+1"]
[EndTime "11:40:40 PDT"]
[Termination "Game drawn - insufficient material"]

1. e4 e5 2. Nf3 Nf6 3. Nxe5 Nxe4 4.
Qe2 Qe7 5. Qxe4 d6 6. d4 dxe5 7. Qxe5 Qxe5+ 8. dxe5 Bf5 9. Nc3 Nc6 10. Bb5 O-O-O 11.
Bxc6 bxc6 12. Be3 Bxc2 13. O-O Kb7 14. Rac1 Bg6 15. Na4 Rd5 16. f4 Be4 17. Rfd1 Be7 18. Nc5+ Bxc5 19. Bxc5 Rhd8 20. Rxd5 Rxd5 21. Be3 g5 22.
Kf2 g4 23. Rc5 Rd3 24. Rc3 Rd5 25. Rc5 Rd8 26. Rc4 Bd5 27. Rb4+ Kc8 28. Bxa7 Bxa2 29. Rb8+ Kd7 30. Rxd8+ Kxd8 31. Bc5 Kd7 32. Kg3 Bd5 33. b4 Ke6 34. Kxg4 Bxg2 35. Kg5 Be4 36. h4 Bg6 37.
Bf8 Bc2 38. Bc5 Bd3 39. Kh6 Bg6 40. Kg7 Kf5 41. Be3 Kg4 42. Bd2 Kxh4 43. f5 Bxf5 44. Kxf7 Kg4 45. e6 h5 46. e7 Bd7 47. e8=Q Bxe8+ 48. Kxe8 h4 49. Bc3 Kf4 50. Kd7 h3 51. Ke6 Ke4 52. Be5 Kd3 53. Bxc7 Kc4 54. Bd6 Kb5 55. Kd7 c5 56. bxc5 h2 57. Bxh2 Kxc5 1/2-1/2

[Event "*** Titled Tuesday Blitz"]
[Site "Chess.com"]
[Date "2020.05.26"]
[Round "8"]
[White "Gabrielian_Artur"]
[Black "Chessmatus"]
[Result "1-0"]
[WhiteElo "2739"]
[BlackElo "2493"]
[TimeControl "180+1"]
[EndTime "11:40:40 PDT"]
[Termination "Gabrielian_Artur won by resignation"]

1. e4 e5 2. Nc3 Nf6 3. g3 Bc5 4. Bg2 O-O 5. Nge2 Nc6 6. O-O Re8 7. d3 h6 8. h3 Nd4 9. Kh2 c6 10. f4 d5 11. fxe5 Rxe5 12. Nxd4 Bxd4 13. exd5 cxd5 14. Ne2 Be3 15. Bxe3 Rxe3 16. Nf4 d4 17. Nh5 Nxh5 18. Qxh5 Be6 19. Rae1 Rc8 20. Rxe3 dxe3 21. Qe2 Qb6 22.
c3 Bxa2 23. c4 Re8 24. Bd5 Re7 25. b4 Qxb4 26. Qxa2 e2 27. Rxf7 Rxf7 28. Qxe2 Qd6 29. Qe8+ 1-0